 Dungeon Crawl Stone Soup version 0.24.0-1-gfbc8707 (webtiles) character file.

Game seed: 10953751868104084301, levelgen mode: deterministic

14 TheGoonsmith the Sneak (level 2, -1/13 HPs)
             Began as a Spriggan Enchanter on Oct 26, 2019.
             Slain by a jackal (3 damage)
             ... on level 1 of the Dungeon.
             The game lasted 00:01:59 (760 turns).

TheGoonsmith the Sneak (Spriggan Enchanter)          Turns: 760, Time: 00:01:59

Health: -1/13      AC:  2    Str:  4    XL:     2   Next: 31%
Magic:  6/6        EV: 18    Int: 16    God:
Gold:   16         SH:  0    Dex: 16    Spells: 5/6 levels left

rFire    . . .     SeeInvis +   a - +1 dagger
rCold    . . .     Gourm    .   (shield restricted)
rNeg     . . .     Faith    .   b - +0 robe
rPois    .         Spirit   .   (helmet restricted)
rElec    .         Reflect  .   (no cloak)
rCorr    .         Harm     .   (gloves unavailable)
MR       .....                  (boots unavailable)
Stlth    +++.......             (no amulet)
HPRegen  0.04/turn              (no ring)
MPRegen  0.10/turn              (no ring)

@: very quick
A: very small, unfitting armour, see invisible, herbivore, speed 3, slow
metabolism 2
a: no special abilities


You were on level 1 of the Dungeon.
You were not hungry.

You visited 1 branch of the dungeon, and saw 1 of its levels.

You collected 16 gold pieces.

Inventory:

Hand Weapons
 a - a +1 dagger (weapon)
Armour
 b - a +0 robe (worn)
Scrolls
 g - a scroll of fear {unknown}
 h - 2 scrolls of teleportation {unknown}
 i - a scroll of identify {unknown}
 j - a scroll of random uselessness {unknown}
 l - a scroll of enchant armour {unknown}
Potions
 c - a potion of flight {unknown}
 e - a potion of haste {unknown}
 f - 2 potions of lignification {unknown}
 k - a potion of magic {unknown}
Comestibles
 d - 3 rations


   Skills:
 + Level 1.4 Short Blades
 + Level 3.3 Dodging
 + Level 4.7 Stealth
 + Level 2.9 Spellcasting
 + Level 3.8 Hexes


You had 5 spell levels left.
You knew the following spells:

 Your Spells              Type           Power        Failure   Level  Hunger
a - Corona                Hex            ##.....      3%          1    #......

Your spell library contained the following spells:

 Spells                   Type           Power        Failure   Level  Hunger
 Confuse                  Hex            ##......     12%         3    ###....
 Tukima's Dance           Hex            ##......     12%         3    ###....
 Ensorcelled Hibernation  Hex/Ice        #.....       13%         2    ##.....
 Dazzling Spray           Conj/Hex       #.....       26%         3    ###....


Dungeon Overview and Level Annotations

Branches:
Dungeon (1/15)

Altars:


Innate Abilities, Weirdness & Mutations

You are very small and have problems with some larger weapons.
You are too small for most types of armour.
You have supernaturally acute eyesight. (SInv)
You are a herbivore.
You cover ground extremely quickly.
You need to consume almost no food.


Message History

The jackal closely misses you.
You hit the jackal but do no damage.
The jackal is almost dead.
The jackal barely misses you.
You closely miss the jackal.
The jackal is almost dead.
The jackal closely misses you.
You closely miss the jackal. The jackal closely misses you.
You completely miss the jackal. The jackal barely misses you.
You hit the jackal.
The jackal is moderately wounded.
The jackal bites you.
You completely miss the jackal.
The jackal is moderately wounded.
The jackal bites you. x2
* * * LOW HITPOINT WARNING * * *
You hit the jackal.
The jackal is heavily wounded.
The jackal bites you.
You die...

#.....#
#.....##......#
#..... #.....#
#...#.##......#
#.#### #.....#
#...#.######+##
#.# ..#'###
#...#.# #.# #.#
###.########...#.#
#.# #.#
..#............#.#
#h# #.#
#.#..........#.#.#
#.# #.####
#.#.##########.#.#
#h####..... #.#.#
#@# #...hh.....
#†#.# #h#
########### #.#.#
#h# #.#.# #h# #.#.
#h# #.# #.# #.#
#.. #.# ### #.#


You could see 4 jackals.

Vanquished Creatures
  4 goblins (D:1)
  A hobgoblin (D:1)
  A jackal (D:1)
  4 bats (D:1)
  2 frilled lizards (D:1)
  3 rats (D:1)
15 creatures vanquished.

Notes
Turn   | Place    | Note
-------+----------+-------------------------------------------
     0 | D:1      | TheGoonsmith the Spriggan Enchanter began the quest for the
                  | Orb.
     0 | D:1      | Reached XP level 1. HP: 9/9 MP: 5/5
   395 | D:1      | Reached XP level 2. HP: 13/13 MP: 6/6
   760 | D:1      | Slain by a jackal

Levels and vault maps discovered:
D:1:      minmay_arrival_jagged, layout_basic, minmay_shallow_snake_nest

Action                   || total
-------------------------++-------
Melee: Dagger            ||    67
 Stab: Sleeping          ||     6
Armor: Robe              ||     9
Dodge: Dodged            ||    51
